 Dungeon Crawl Stone Soup version 0.17-a0-226-ge260c71 (webtiles) character file.

5840 xeno23 the Destroyer (level 10, -14/69 HPs)
             Began as a White Draconian Conjurer on Mar 28, 2015.
             Was a Priest of Vehumet.
             Demolished by an orc warrior
             ... wielding a +0 halberd
              (23 damage)
             ... on level 9 of the Dungeon.
             The game lasted 01:17:14 (12055 turns).

xeno23 the Destroyer (White Draconian Conjurer)    Turns: 12055, Time: 01:17:14

Health: -14/69     AC: 11    Str: 11    XL:     10   Next: 51%
Magic:  5/22       EV: 11    Int: 19    God:    Vehumet [***...]
Gold:   536        SH:  0    Dex: 11    Spells: 5 memorised, 4 levels left

rFire  + . .     SeeInvis .     B - +3 halberd (chop)
rCold  + . .     Clarity  .     (armour unavailable)
rNeg   + . .     SustAb   .     (no shield)
rPois  .         Gourm    .     (helmet restricted)
rElec  .         Spirit   .     E - +1 cloak
rCorr  .         Warding  .     l - +0 pair of gloves
rMut   .         Stasis   .     p - +0 pair of boots
MR     .....                    (no amulet)
Stlth  +.........               y - ring of positive energy
                                A - ring of protection from fire

@: heavily drained, not resistant to hostile enchantments, very unstealthy
A: breathe frost, unfitting armour, cold resistance 1, cold-blooded, AC +7
a: Breathe Frost, Renounce Religion


You were on level 9 of the Dungeon.
You worshipped Vehumet.
Vehumet was most pleased with you.
You were not hungry.

You visited 2 branches of the dungeon, and saw 10 of its levels.

You collected 536 gold pieces.

Inventory:

Hand weapons
 r - the +2 quarterstaff of Lecoong {crush, +Blink rF+}
   (You took it off a centaur on level 5 of the Dungeon)

   It inflicts extra damage upon your enemies.
   It protects you from fire.
   It lets you blink.
 B - a +3 halberd of chopping (weapon)
 D - a +3 quarterstaff of chaos
Missiles
 m - 26 stones (quivered)
Armour
 l - a +0 pair of gloves (worn)
 p - a +0 pair of boots (worn)
 E - a +1 cloak (worn)
Magical staves
 t - an uncursed staff of fire
Jewellery
 y - a ring of positive energy (right hand)
 A - a ring of protection from fire (left hand)
Magical devices
 F - a wand of frost (48)
 H - a wand of paralysis (13)
Scrolls
 d - 2 scrolls of enchant weapon
 e - 3 scrolls of remove curse
 f - 2 scrolls of teleportation
 g - a scroll of fear
 o - 3 scrolls of immolation
 s - a scroll of magic mapping
 u - a scroll of fog
 I - a scroll of recharging
Potions
 a - 4 potions of restore abilities
 h - 2 potions of haste
 j - 2 potions of heal wounds
 k - 2 potions of agility
 q - a potion of resistance
 w - 2 potions of flight
 z - a potion of mutation
 C - 4 potions of ambrosia
Books
 c - a book of Conjurations

   Spells                             Type                      Level
   a - Magic Dart                     Conjuration                  1
   b - Searing Ray                    Conjuration                  2
   c - Dazzling Spray                 Conjuration/Hexes            3
   d - Fulminant Prism                Conjuration/Hexes            4
   e - Iskenderun's Mystic Blast      Conjuration                  4
   f - Iskenderun's Battlesphere      Conjuration/Charms           5
 v - a book of Callings

   Spells                             Type                      Level
   a - Summon Small Mammal            Summoning                    1
   b - Call Imp                       Summoning                    2
   c - Call Canine Familiar           Summoning                    3
   d - Summon Guardian Golem          Hexes/Summoning              3
   e - Summon Lightning Spire         Summoning/Air                4
   f - Summon Ice Beast               Ice/Summoning                4
 L - a book of Party Tricks

   Spells                             Type                      Level
   a - Summon Butterflies             Summoning                    1
   b - Apportation                    Translocation                1
   c - Tukima's Dance                 Hexes                        3
   d - Alistair's Intoxication        Transmutation/Poison         4
   e - Invisibility                   Hexes                        6
Comestibles
 b - 2 bread rations
 G - 2 meat rations


   Skills:
 - Level 1.7(0.0) Dodging
 - Level 1.7(0.0) Stealth
 + Level 5.1(2.2) Spellcasting
 * Level 13.0(9.5) Conjurations
 - Level 7.0(3.9) Charms


You had 4 spell levels left.
You knew the following spells:

 Your Spells              Type           Power        Failure   Level  Hunger
a - Magic Dart            Conj           ####         1%          1    #......
c - Iskenderun's Battles  Conj/Chrm      ####....     10%         5    ######.
e - Searing Ray           Conj           #####.       1%          2    ##.....
q - Dazzling Spray        Conj/Hex       ###.....     2%          3    ###....
w - Iskenderun's Mystic   Conj           #####...     1%          4    #####..


Dungeon Overview and Level Annotations

Branches:
Dungeon (9/15)             Temple (1/1) D:5
   Lair: D:8-11         Orc: D:9-12

Altars:
Ashenzari
Cheibriados
Dithmenos
Elyvilon
Fedhas
Gozag
Kikubaaqudgha
Makhleb
Nemelex Xobeh
Okawaru
Qazlal
Ru
Sif Muna
Trog
Vehumet
Xom
Yredelemnul
Zin
The Shining One

Shops:
D:6 *


Innate Abilities, Weirdness & Mutations

You can breathe waves of freezing cold.
You can buffet flying creatures when you breathe cold.
Your icy white scales are hard (AC +7).
Your body does not fit into most forms of armour.
Your flesh is cold resistant.
You are cold-blooded and may be slowed by cold attacks.


Message History

Casting: Dazzling Spray
Confirm with . or Enter, or press ? or * to list all spells.
Aiming: Dazzling Spray
Press: ? - help, Shift-Dir - straight line, f/p - orc warrior
Aim: an orc warrior, wielding a halberd and wearing a chain mail The spray of energy hits the orc warrior.
The orc warrior is dazzled.
An orc comes into view. It is wielding a flail.
The orc shouts!
The orc priest shouts!
The orc warrior barely misses you.
You hit the orc warrior.
The orc warrior is moderately wounded.
The orc warrior hits you with a halberd!!
* * * LOW HITPOINT WARNING * * *
You take 20 damage.
The orc priest calls down the wrath of Beogh upon you.
Something smites you!
* * * LOW HITPOINT WARNING * * *
The orc warrior hits you from afar with a halberd!!
You die...

. #.............8 ....#
#.............'. ....#
#.............8. ...#
#..###........# #..# #..#
#........# #..# #..#
#........# #..###..#
#..).....# #.......#
#...†.o..#... #.......#
#)).@..).8..⌠.
###.......###)()....o'o..
....[.......[[.......8...
...<[[.....).........#...
.........#####.##....# #
####.....# #.##...##
#.....# #.##...# #.....#
#.##...# #.....# #.# .


You could see an orc warrior (blind), an orc priest and an orc.

Vanquished Creatures
  The ghost of nono the Fighter, an experienced DsGl of Ashenzari (D:9)
  A hill giant (D:5)
  Joseph (D:7)
  The ghost of trelanon the Cutter, an experienced VSAs of Cheibriados (D:5)
  A troll (D:9)
  A hippogriff (D:9)
  2 steam dragons
  5 orc warriors
  2 sky beasts
  A phantom (D:4)
  2 ice beasts
  2 ogres
  Sigmund (D:4)
  7 centaurs
  A big kobold (D:7)
  3 giant frogs
  A crocodile (D:8)
  Blork the orc (D:4)
  A gnoll sergeant (D:4)
  A water moccasin zombie (D:8)
  A scorpion (D:4)
  The ghost of xeno23 the Conjurer, a weakling DrCj (D:3)
  A giant frog zombie (D:7)
  A goliath beetle (D:4)
  3 crimson imps
  2 centaur zombies
  6 orc priests
  Crazy Yiuf (D:4)
  4 hounds
  2 giant frog skeletons
  An iguana (D:9)
  6 worker ants
  A quasit (D:7)
  Natasha (thrice) (D:3)
  4 orc wizards
  A hound skeleton (D:7)
  15 gnolls
  A worker ant zombie (D:7)
  3 shadow imps
  10 adders
  2 giant mites
  An adder skeleton (D:4)
  2 giant geckos
  An ooze (D:1)
  32 orcs
  A bat skeleton (D:8)
  13 goblins
  14 hobgoblins
  4 jackals (D:3)
  15 kobolds
  3 quokkas
  10 bats
  5 giant cockroaches
  7 giant newts
  2 giant spores
  A jackal skeleton (D:7)
  3 quokka skeletons
  A quokka zombie (D:6)
  18 rats
  A spectral orc (D:3)
  13 ballistomycetes
252 creatures vanquished.

Vanquished Creatures (others)
  A hound skeleton (D:4)
  A giant spore (D:8)
2 creatures vanquished.

Grand Total: 254 creatures vanquished

Notes
Turn   | Place    | Note
--------------------------------------------------------------
     0 | D:1      | xeno23, the Draconian Conjurer, began the quest for the Orb.
     0 | D:1      | Reached XP level 1. HP: 14/14 MP: 3/3
   124 | D:1      | Reached XP level 2. HP: 8/20 MP: 0/4
   636 | D:2      | Found a shadowy altar of Dithmenos.
   676 | D:2      | Found a bloodstained altar of Trog.
   982 | D:2      | Reached XP level 3. HP: 26/26 MP: 2/6
  1035 | D:2      | Found a glowing silver altar of Zin.
  1035 | D:2      | Found a stormy altar of Qazlal.
  1053 | D:2      | Found an opulent altar of Gozag.
  1992 | D:3      | Noticed Natasha
  1995 | D:3      | Learned a level 2 spell: Searing Ray
  2002 | D:3      | Reached skill level 5 in Conjurations
  2149 | D:3      | Killed Natasha
  2149 | D:3      | Reached XP level 4. HP: 20/33 MP: 4/8
  2152 | D:3      | Noticed Natasha
  2381 | D:3      | Killed Natasha
  2439 | D:2      | Reached skill level 6 in Conjurations
  2439 | D:2      | Reached XP level 5. HP: 27/38 MP: 0/9
  2571 | D:3      | Noticed Natasha
  2572 | D:3      | Killed Natasha
  2612 | D:3      | Noticed xeno23's ghost (weakling DrCj)
  2638 | D:3      | Killed xeno23's ghost
  2910 | D:3      | Found a basalt altar of Yredelemnul.
  3015 | D:3      | Learned a level 5 spell: Iskenderun's Battlesphere
  3149 | D:3      | Found a blossoming altar of Fedhas.
  3420 | D:3      | Reached skill level 1 in Charms
  3672 | D:3      | Reached XP level 6. HP: 24/45 MP: 7/11
  4518 | D:4      | Noticed a phantom
  4542 | D:4      | Killed a phantom
  4542 | D:4      | Reached skill level 7 in Conjurations
  4833 | D:4      | Noticed Crazy Yiuf
  4842 | D:4      | Killed Crazy Yiuf
  4883 | D:4      | Noticed Blork the orc
  4899 | D:4      | Killed Blork the orc
  4899 | D:4      | Your scales start taking on an icy white colour.
  4899 | D:4      | Gained mutation: Your flesh is cold resistant. [draconian maturity]
  4899 | D:4      | Reached XP level 7. HP: 15/50 MP: 5/13
  4977 | D:4      | Learned a level 3 spell: Dazzling Spray
  5563 | D:4      | Noticed Sigmund
  5570 | D:4      | Killed Sigmund
  5795 | D:5      | Entered Level 5 of the Dungeon
  5909 | D:5      | Noticed trelanon's ghost (experienced VSAs)
  5931 | D:5      | Reached skill level 5 in Charms
  5953 | D:5      | Found a staircase to the Ecumenical Temple.
  5959 | Temple   | Entered the Ecumenical Temple
  6143 | Temple   | Became a worshipper of Vehumet
  6173 | D:5      | Noticed a hill giant
  6186 | D:5      | Killed a hill giant
  6186 | D:5      | Reached skill level 8 in Conjurations
  6186 | D:5      | Reached XP level 8. HP: 31/57 MP: 0/14
  6389 | D:5      | Found a shimmering altar of Xom.
  6711 | D:5      | Got an uncursed pitted quarterstaff
  6712 | D:5      | Identified the +2 quarterstaff of Lecoong {crush, +Blink rF+} (You took it off a centaur on level 5 of the Dungeon)
  6998 | D:5      | Found a white marble altar of Elyvilon.
  7001 | D:5      | Found a shimmering altar of Xom.
  7003 | D:5      | Found an ancient bone altar of Kikubaaqudgha.
  7063 | D:5      | Killed trelanon's ghost
  7063 | D:5      | Reached skill level 9 in Conjurations
  7238 | D:6      | Reached XP level 9. HP: 55/62 MP: 16/16
  7278 | D:6      | Found an iron altar of Okawaru.
  7291 | D:6      | Reached skill level 10 in Conjurations
  7313 | D:6      | Acquired Vehumet's first power
  7313 | D:6      | Offered knowledge of Shock by Vehumet.
  7684 | D:6      | Found Adat's Alliterative Accessories.
  7978 | D:7      | Reached skill level 11 in Conjurations
  8166 | D:7      | Noticed Joseph
  8170 | D:7      | Offered knowledge of Flame Tongue by Vehumet.
  8506 | D:7      | Killed Joseph
  9575 | D:8      | Reached skill level 12 in Conjurations
  9595 | D:8      | Reached XP level 10. HP: 44/69 MP: 0/20
 10593 | D:8      | Offered knowledge of Static Discharge by Vehumet.
 11043 | D:8      | Learned a level 4 spell: Iskenderun's Mystic Blast
 11608 | D:9      | Noticed nono's ghost (experienced DsGl)
 11621 | D:9      | Acquired Vehumet's second power
 12027 | D:9      | Killed nono's ghost
 12027 | D:9      | Reached skill level 5 in Spellcasting
 12027 | D:9      | Reached skill level 13 in Conjurations
 12050 | D:9      | Offered knowledge of Conjure Flame by Vehumet.
 12055 | D:9      | Demolished by an orc warrior

Action                   |  1- 3 |  4- 6 |  7- 9 | 10-12 || total
-------------------------+-------+-------+-------+-------++-------
Melee: Unarmed           |    31 |       |       |       ||    31
       Club              |    34 |       |       |       ||    34
       Dagger            |    23 |    18 |       |    12 ||    53
       Spear             |       |    56 |       |       ||    56
       Halberd           |       |    45 |   286 |   137 ||   468
Throw: Stone             |       |     3 |     1 |       ||     4
 Cast: Magic Dart        |    53 |    98 |    46 |    37 ||   234
       Searing Ray       |     1 |       |     6 |       ||     7
       Dazzling Spray    |       |       |    60 |    22 ||    82
       Iskenderun's Batt |       |       |     4 |     3 ||     7
       Iskenderun's Myst |       |       |       |    13 ||    13
  Use: Scroll            |       |       |    17 |     7 ||    24
       Potion            |       |       |     2 |     1 ||     3
 Stab: Sleeping          |     1 |     2 |       |     1 ||     4
       Invisible         |       |       |     4 |       ||     4
  Eat: Chunk             |     5 |     9 |    19 |     9 ||    42
       Beef jerky        |       |       |     2 |     1 ||     3
       Bread ration      |       |       |       |     1 ||     1
